 Dungeon Crawl Stone Soup version 0.29-a0-994-gc5c9f59d18 (webtiles) character file.

Game seed: 5412489307519149246

256 Sabo the Firebug (level 6, -2/46 HPs)
             Began as a Hill Orc Fire Elementalist on Aug 3, 2022.
             Was a Believer of Elyvilon.
             Slain by an orc
             ... wielding a +0 falchion
              (7 damage)
             ... on level 3 of the Dungeon.
             The game lasted 00:22:27 (4908 turns).

Sabo the Firebug (Hill Orc Fire Elementalist)       Turns: 4908, Time: 00:22:27

Health: -2/46      AC:  3    Str: 11    XL:     6   Next: 16%
Magic:  0/10       EV: 12    Int: 17    God:    Elyvilon [**....]
Gold:   123        SH:  0    Dex: 11    Spells: 6/10 levels left

rFire   + . .      SeeInvis .   n - staff of fire
rCold   . . .      Faith    .   (no shield)
rNeg    . . .      Spirit   .   a - +0 robe
rPois   .          Reflect  .   h - +0 helmet
rElec   .          Harm     .   (no cloak)
rCorr   .          Rampage  .   (no gloves)
Will    .....                   (no boots)
Stlth   ++........              (no amulet)
HPRegen 0.15/turn               (no ring)
MPRegen 0.12/turn               (no ring)

@: very slightly contaminated
A: no striking features
a: Renounce Religion, Purification, Heal Other


You were on level 3 of the Dungeon.
You worshipped Elyvilon.
Elyvilon was pleased with you.
You visited 1 branch of the dungeon, and saw 3 of its levels.

You collected 123 gold pieces.

Inventory:

Hand Weapons
 l - a +0 sling
 r - a +0 war axe
Missiles
 c - 2 silver javelins
 g - 5 poisoned darts (quivered)
Armour
 a - a +0 robe (worn)
 h - a +0 helmet (worn)
Magical Staves
 n - a staff of fire (weapon)
Scrolls
 d - a scroll of summoning
 e - a scroll of fear
 j - a scroll of enchant armour
 p - a scroll of teleportation {unknown}
 q - a scroll of fog {unknown}
 s - a scroll of magic mapping {unknown}
 t - a scroll of vulnerability {unknown}
Potions
 b - a potion of magic
 f - 5 potions of curing
 i - 3 potions of heal wounds {unknown}
 k - a potion of degeneration {unknown}
 m - a potion of resistance {unknown}
 o - a potion of might {unknown}


   Skills:
 + Level 0.4 Fighting
 + Level 0.1 Short Blades
 + Level 2.6 Dodging
 + Level 2.4 Stealth
 + Level 2.7 Spellcasting
 + Level 2.2 Conjurations
 + Level 4.7 Fire Magic


You had 6 spell levels left.
You knew the following spells:

 Your Spells              Type           Power      Damage    Failure   Level
a - Foxfire               Conj/Fire      84%        2x1d8     4%          1
b - Conjure Flame         Conj/Fire      21%        6-21      13%         3

Your spell library contained the following spells:

 Spells                   Type           Power      Damage    Failure   Level
 Scorch                   Fire           54%        2d8       4%          2
 Shock                    Conj/Air       24%        1d4       12%         1
 Static Discharge         Conj/Air       6%         3-4/arc   17%         2
 Inner Flame              Hex/Fire       15%        N/A       21%         3
 Flame Wave               Conj/Fire      21%        2d8       41%         4
 Sticky Flame             Conj/Fire      21%        2d4       41%         4
 Swiftness                Air            2%         N/A       47%         3
 Fulminant Prism          Conj/Hex       3%         3d6       75%         4
 Iskenderun's Mystic Bla  Conj/Tloc      6%         2d4       75%         4
 Airstrike                Air            1%         2d(1-17)  87%         4
 Dispel Undead            Necr           2%         3d7       87%         4
 Lee's Rapid Deconstruct  Erth           1%         3d5*      99%         5


Dungeon Overview and Level Annotations

Branches:
Dungeon (3/15)

Altars:
Elyvilon


Message History

The orc hits you with a +0 falchion.
* * * LOW HITPOINT WARNING * * *
You barely miss the orc.
The orc is heavily wounded.
The orc barely misses you.
You hit the orc but do no damage.
The orc is heavily wounded.
The orc hits you with a +0 falchion.
* * * LOW HITPOINT WARNING * * *
You barely miss the orc.
The orc is heavily wounded.
The orc hits you with a +0 falchion.
* * * LOW HITPOINT WARNING * * *
Casting: Foxfire (safe; 4% risk of failure)
Confirm with . or Enter, or press ? or * to list all spells.
You feel a surge of power!
You conjure some foxfire!
The orc hits you with a +0 falchion. Elyvilon protects you from harm!
Your foxfire dissipates!
Casting: Foxfire (safe; 4% risk of failure)
Confirm with . or Enter, or press ? or * to list all spells.
You feel a surge of power!
You conjure some foxfire!
The orc closely misses you.
Your foxfire dissipates!
The orc attacks as you move away! The orc misses you.
You hit the orc but do no damage.
The orc is moderately wounded.
The orc closely misses you. The orc barely misses you.
You barely miss the orc.
The orc is moderately wounded.
The orc closely misses you.
You hit the orc but do no damage.
The orc is moderately wounded.
The orc misses you.
Casting: Foxfire (safe; 4% risk of failure)
Confirm with . or Enter, or press ? or * to list all spells.
You feel a surge of power!
You miscast Foxfire.
You are very lightly contaminated with residual magic.
Nothing appears to happen.
The orc hits you with a +0 falchion!
You die...

..## #.#.# #.#
...####.#.######.#
))o.l..).........#
...####)##########
...# #.# ...# #.#
...# #.# ...#
#.########### ...#
#......).o@.# ...#
######.###### #.#
#.# #.# #.# #.#
#.# #.#


You could see an orc.

Vanquished Creatures
  An ogre (D:2)
  An orc wizard (D:3)
  3 gnolls (D:2)
  3 adders
  2 worms
  4 dart slugs
  5 orcs (D:3)
  5 endoplasms
  A giant cockroach (D:1)
  6 goblins
  5 hobgoblins
  2 jackals (D:1)
  A quokka (D:3)
  4 ball pythons
  7 bats
  4 frilled lizards
  10 kobolds
  9 rats
73 creatures vanquished.

Vanquished Creatures (others)
  161 foxfires
161 creatures vanquished.

Grand Total: 234 creatures vanquished

Notes
Turn   | Place    | Note
-------+----------+-------------------------------------------
     0 | D:1      | Sabo the Hill Orc Fire Elementalist began the quest for the
                  | Orb.
     0 | D:1      | Reached XP level 1. HP: 14/14 MP: 3/3
   475 | D:1      | Reached XP level 2. HP: 15/20 MP: 1/4
  1241 | D:1      | Reached skill level 4 in Fire Magic
  1504 | D:1      | Reached XP level 3. HP: 26/26 MP: 3/5
  2795 | D:2      | Reached XP level 4. HP: 33/33 MP: 3/7
  3464 | D:2      | Noticed an ogre
  3474 | D:2      | Killed an ogre
  3475 | D:2      | Reached XP level 5. HP: 39/39 MP: 2/8
  3963 | D:1      | Prayed at the altar of an unknown god.
  3963 | D:1      | Became a worshipper of Elyvilon the Healer
  3963 | D:1      | Reached * piety under Elyvilon
  4375 | D:3      | Reached ** piety under Elyvilon
  4622 | D:3      | Learned a level 3 spell: Conjure Flame
  4842 | D:3      | Reached XP level 6. HP: 46/46 MP: 7/9
  4901 | D:3      | Elyvilon protects you from harm!
  4908 | D:3      | Slain by an orc

Illustrated notes

Levels and vault maps discovered:
D:1:      spicycebolla_arrival_ecumenical, layout_loops_cross
D:2:      layout_loops_cross, minmay_bisected
D:3:      layout_basic

Skill      XL: |  1  2  3  4  5 |
---------------+----------------+-----
Fire Magic     | 4 |  4.7
Spellcasting   | 2 |  2.7
Dodging        | 2 |  2.6
Stealth        | 2 |  2.4
Conjurations   | 2 |  2.2
Fighting       | |  0.4
Short Blades   | |  0.1

Action                   |  1- 3 |  4- 6 || total
-------------------------+-------+-------++-------
Melee: Dagger            |     4 |       ||     4
       Hand axe          |     5 |     2 ||     7
       Staff             |       |    42 ||    42
 Cast: Foxfire           |    52 |    57 ||   109
  Use: Scroll            |     2 |     1 ||     3
       Potion            |       |     1 ||     1
Armor: Robe              |     7 |     8 ||    15
Dodge: Dodged            |    30 |    64 ||    94

Table legend: (Time is in decaauts)
 A = Elapsed time spent in this place.
 B = Non-inter-level travel time spent in this place.
 C = Inter-level travel time spent in this place.
 D = Time resting spent in this place.
 E = Time spent auto-exploring this place.
 F = Levels seen in this place.
 G = Mean time per level.
                   A        B        C        D        E       F      G
               +--------+--------+--------+--------+--------+-----+--------+
         Total |   4918 |   4918 |      0 |   2492 |      0 |   3 | 1639.3 |
       Dungeon |   4918 |   4918 |      0 |   2492 |      0 |   3 | 1639.3 |
               +--------+--------+--------+--------+--------+-----+--------+

Top non-repeatable levels by time:
     D:1: 2206 daAuts
     D:2: 1772 daAuts
     D:3: 939 daAuts
